 Dungeon Crawl Stone Soup version 0.25-a0-571-gb5e01bddfa (webtiles) character file.

Game seed: 11574263054107419817, levelgen mode: classic

1250 EnegeticOcto the Chopper (level 8, 32/75 HPs)
             Began as a Deep Dwarf Fighter on Feb 29, 2020.
             Was an Initiate of Makhleb.
             Quit the game on level 5 of the Dungeon.
             The game lasted 00:02:32 (1975 turns).

EnegeticOcto the Chopper (Deep Dwarf Fighter)       Turns: 1975, Time: 00:02:33

Health: 32/75      AC:  8    Str: 23      XL:     8   Next: 26%
Magic:  0/0        EV:  6    Int:  8      God:    Makhleb [......]
Gold:   53         SH: 10    Dex:  7 (12) Spells: 7/7 levels left

rFire    . . .     SeeInvis .   a - +1 war axe
rCold    . . .     Gourm    .   n - +3 kite shield
rNeg     . . .     Faith    .   b - +0 scale mail
rPois    .         Spirit   .   h - +0 helmet
rElec    .         Reflect  .   o - +0 cloak
rCorr    .         Harm     .   (no gloves)
MR       +....                  (no boots)
Stlth    ..........             g - amulet of inaccuracy (curse)
HPRegen  0.00/turn              (no ring)
MPRegen  0.07/turn              (no ring)

@: non-regenerating, extremely drained
A: damage resistance, heal wounds, sense surroundings 1, no regeneration
a: Heal Wounds, Renounce Religion


You were on level 5 of the Dungeon.
You worshipped Makhleb.
Makhleb was noncommittal.
You were not hungry.

You visited 2 branches of the dungeon, and saw 6 of its levels.

You collected 53 gold pieces.

Inventory:

Hand Weapons
 a - a +1 war axe (weapon)
Armour
 b - a +0 scale mail (worn)
 h - a +0 helmet (worn)
 n - a +3 kite shield (worn)
 o - a +0 cloak (worn)
Jewellery
 g - a cursed amulet of inaccuracy (around neck)
 l - an uncursed amulet of the gourmand
Scrolls
 d - 2 scrolls of enchant weapon
 p - a scroll of identify {@r1}
Potions
 i - a potion of curing {@q1}
 j - a potion of stabbing {@q5}
 k - a potion of might {@q3}
 m - a potion of resistance {@q6}
Comestibles
 e - 4 rations


   Skills:
 * Level 5.5(0.0) Fighting
 * Level 6.1(0.0) Axes
 + Level 5.2(0.0) Armour
 + Level 3.7(0.0) Dodging
 + Level 5.2(0.0) Shields
 * Level 1.2(0.0) Invocations


You had 7 spell levels left.
You didn't know any spells.
Your spell library was empty.

Dungeon Overview and Level Annotations

Branches:
Dungeon (5/15)             Temple (1/1) D:5

Altars:
Ashenzari
Cheibriados
Dithmenos
Elyvilon
Fedhas
Makhleb
Nemelex Xobeh
Okawaru
Ru
Sif Muna
Uskayaw
Vehumet
Wu Jian
Yredelemnul
Zin
The Shining One

Annotations:
Temple Eustachio


Innate Abilities, Weirdness & Mutations

You are resistant to damage.
You can heal yourself by infusing magical energy.
You passively map a small area around you.
You do not regenerate.


Message History

You barely miss the phantom. You hit the bush but do no damage. x2
The phantom hits you.
You miss the phantom. You hit the bush. You barely miss the bush.
The phantom hits you but does no damage.
You block the phantom's attack.
You miss the phantom. You slash the bush!
You destroy the bush!
You hit the bush but do no damage.
The phantom hits you but does no damage.
The phantom blinks!
You closely miss the phantom. You barely miss the bush.
The phantom hits you but does no damage.
You miss the phantom. You slash the bush!
The phantom blinks!
You closely miss the phantom.
The phantom blinks!
You miss the phantom. The phantom hits you. The phantom barely misses you.
You closely miss the phantom. You block the phantom's attack.
Your shield and scale mail prevent you from hitting the phantom.
You block the phantom's attack.
The phantom blinks!
You miss the phantom. You barely miss the bush. The phantom hits you.
The phantom blinks! x2
There is a staircase to the Ecumenical Temple, spattered with blood here.
You miss the phantom. You barely miss the bush.
The phantom blinks!
You closely miss the phantom. You hit the bush but do no damage.
You block the phantom's attack.
The phantom hits you but does no damage.
You miss the phantom.
Your shield prevents you from hitting the bush.
You block the phantom's attack.
You closely miss the phantom. You hit the bush but do no damage.
The phantom blinks!
You miss the phantom. You hit the bush but do no damage. The phantom hits you.
You block the phantom's attack.
You barely miss the phantom. You hit the bush but do no damage.
You block the phantom's attack.
You slash the phantom!
The phantom is moderately damaged.
You hit the bush but do no damage. You block the phantom's attack.
The phantom hits you!
You completely miss the phantom.
The phantom is moderately damaged.
You hit the bush but do no damage. The phantom hits you.
The phantom hits you but does no damage.
You closely miss the phantom.
The phantom is moderately damaged.
You hit the bush.
You destroy the bush!
The phantom hits you.
The phantom blinks!
You see here 10 gold pieces.
The phantom hits you but does no damage.
You closely miss the phantom.
The phantom is moderately damaged.
The phantom hits you. You block the phantom's attack.
You closely miss the phantom.
The phantom is moderately damaged.
You block the phantom's attack.
You miss the phantom.
The phantom is moderately damaged.
The phantom hits you.
The phantom blinks!
The phantom blinks!
The phantom barely misses you.
You miss the phantom.
The phantom is lightly damaged.
The phantom hits you but does no damage.
The phantom hits you.
You slash the phantom!
The phantom is moderately damaged.
The phantom hits you but does no damage.
You closely miss the phantom.
The phantom is moderately damaged.
You block the phantom's attack. The phantom hits you.
You miss the phantom.
The phantom is moderately damaged.
The phantom blinks!
You block the phantom's attack.
You miss the phantom.
The phantom is moderately damaged.
The phantom closely misses you.
You miss the phantom.
The phantom is moderately damaged.
The phantom blinks!
The phantom hits you but does no damage.
You completely miss the phantom.
The phantom is moderately damaged.
You block the phantom's attack.
You closely miss the phantom.
The phantom is moderately damaged.
The phantom hits you but does no damage. x2
You barely miss the phantom.
The phantom is moderately damaged.
The phantom blinks!
You hit the phantom but do no damage.
The phantom is moderately damaged.
The phantom hits you.
The phantom blinks! x2
The phantom hits you but does no damage.
Assign waypoint to what number? (0-9)
Okay, then.
Unknown command.
Unknown command.
Unknown command.
Are you sure you want to abandon this character and quit the game? (Confirm with "yes".)

# , #..##.#.(.......
#.#######...#.#.........
#....#........##... ..# *
#......))####.. , ..#
##...>.).## #.# #.#
#...$....###.#####.#
#......#.....##....## #####*
#[...................
,......##.ยง.@.......###.####.
#.....(.....W.#.....##.# #..
.......#......#.....##.###..
,.##.##.########.#...##.#....
,#., #.,* #..#...##...... ,..
* #.#######...##. , , .. *,
... #^.. #. ... ,..... *#..#
#. .#. ,....... .(. #.


You could see a phantom.

Vanquished Creatures
  Grinder (D:4)
  Sigmund (D:4)
  Duvessa (D:4)
  Dowan (D:4)
  2 scorpions
  2 crimson imps (D:5)
  3 orc priests (D:4)
  3 orc wizards
  2 hounds
  A gnoll shaman (D:5)
  3 worker ants
  A killer bee zombie (D:5)
  Robin (D:2)
  8 gnolls
  6 adders
  A shadow imp (D:5)
  An ooze (D:2)
  An adder skeleton (D:4)
  2 worms (D:2)
  A leopard gecko (D:4)
  10 orcs
  A ball python (D:3)
  6 bats
  5 giant cockroaches
  8 goblins
  6 hobgoblins
  2 jackals (D:4)
  2 quokkas
  6 kobolds
  A leopard gecko skeleton (D:4)
  3 rats (D:2)
  4 bushes (D:5)
96 creatures vanquished.

Notes
Turn   | Place    | Note
-------+----------+-------------------------------------------
     0 | D:1      | EnegeticOcto the Deep Dwarf Fighter began the quest for the
                  | Orb.
     0 | D:1      | Reached XP level 1. HP: 20/20 MP: 1/1
   133 | D:2      | Found an ornate altar of the Wu Jian Council.
   138 | D:2      | Reached XP level 2. HP: 27/27 MP: 2/2
   152 | D:2      | Found a glowing golden altar of the Shining One.
   162 | D:2      | Found a sparkling altar of Nemelex Xobeh.
   162 | D:2      | Noticed Robin
   167 | D:2      | Found a snail-covered altar of Cheibriados.
   178 | D:2      | Reached XP level 3. HP: 34/34 MP: 1/1
   185 | D:2      | Killed Robin
   185 | D:2      | Reached skill level 3 in Axes
   231 | D:2      | Reached skill level 1 in Dodging
   254 | D:2      | Reached XP level 4. HP: 23/42 MP: 2/2
   256 | D:2      | HP: 2/42 [poisoned by a gnoll]
   437 | D:3      | Reached XP level 5. HP: 25/50 MP: 3/3
   527 | D:4      | Reached skill level 4 in Axes
   538 | D:4      | Reached XP level 6. HP: 41/57 MP: 3/3
   618 | D:4      | Noticed Sigmund
   636 | D:4      | Killed Sigmund
   636 | D:4      | Reached skill level 5 in Axes
   636 | D:4      | Reached XP level 7. HP: 45/66 MP: 3/3
   700 | D:4      | Noticed Dowan
   702 | D:4      | Noticed Duvessa
   724 | D:4      | Killed Duvessa
   750 | D:4      | Killed Dowan
   750 | D:4      | Reached skill level 5 in Fighting
   797 | D:4      | Noticed Grinder
   815 | D:4      | Killed Grinder
   815 | D:4      | Reached skill level 5 in Shields
   914 | D:4      | Reached skill level 5 in Armour
  1316 | D:5      | Entered Level 5 of the Dungeon
  1321 | D:5      | Reached XP level 8. HP: 70/74 MP: 4/4
  1358 | D:5      | Found a staircase to the Ecumenical Temple.
  1371 | D:5      | Noticed Eustachio
  1389 | Temple   | Entered the Ecumenical Temple
  1452 | Temple   | Became a worshipper of Makhleb the Destroyer
  1472 | D:5      | Reached skill level 6 in Axes
  1500 | D:5      | Reached skill level 1 in Invocations
  1975 | D:5      | Quit the game

Levels and vault maps discovered:
D:1:      dpeg_arrival_orchard, layout_loops_corners, evilmike_ruin_ashenzari
D:2:      layout_rooms, grunt_temple_overflow_cloverleaf,
          grunt_decor_resistance, uniq_robin
D:3:      layout_loops_ring, wander_ebering_terrifying_dragon_lair
D:4:      layout_loops_ring, nicolae_overflow_hidden_temple, uniq_grinder,
          uniq_sigmund, uniq_duvessa
D:5:      layout_rooms, minmay_temple_entry_trees, first_ration,
          okawaru_gym_becter, uniq_eustachio
Temple:   eino_narrow_crystal_temple

Skill      XL: |  1  2  3  4  5  6  7  8 |
---------------+-------------------------+-----
Fighting       | 3 4 5 |  5.5
Axes           | 3 4 5 6 |  6.1
Dodging        | 1 2 3 |  3.7
Armour         | 4 5 |  5.2
Shields        | 4 5 |  5.2
Invocations    | 1 |  1.2

Action                   |  1- 3 |  4- 6 |  7- 9 || total
-------------------------+-------+-------+-------++-------
Melee: War axe           |    65 |   136 |   329 ||   530
 Abil: Heal Wounds       |     2 |    10 |    11 ||    23
  Use: Scroll            |       |       |     6 ||     6
  Eat: Chunk             |       |       |    23 ||    23
Armor: Scale mail        |    53 |    66 |   343 ||   462
Dodge: Dodged            |    37 |    49 |   227 ||   313
Block: Kite shield       |    71 |   103 |   348 ||   522

Table legend:
 A = Non-vault XP
 B = Vault XP
 C = Vault XP percentage of total XP
 D = Non-vault monster count
 E = Vault monster count
 F = Vault count percentage of total count
                 A         B        C        D         E       F
            +---------+---------+-------+---------+---------+-------
      Total |    1038 |     749 |  41.9 |      76 |      16 |  17.4
            +---------+---------+-------+---------+---------+-------
        D:1 |       7 |       0 |   0.0 |       4 |       0 |   0.0
        D:2 |     141 |      38 |  21.2 |      22 |      12 |  35.3
        D:3 |      78 |       0 |   0.0 |      13 |       0 |   0.0
        D:4 |     429 |     711 |  62.4 |      23 |       4 |  14.8
        D:5 |     383 |       0 |   0.0 |      14 |       0 |   0.0
            +---------+---------+-------+---------+---------+-------
